 Dungeon Crawl Stone Soup version 0.30-a0-743-gbfdf073431 (webtiles) character file.

Game seed: 16535397502563853386

5014 Dittersdorf the Blocker (level 10, -1/66 HPs)
             Began as a Gargoyle Fighter on Feb 7, 2023.
             Was a Priest of Okawaru.
             Slain by a white ugly thing (32 damage)
             ... on level 8 of the Dungeon.
             The game lasted 00:12:38 (9472 turns).

Dittersdorf the Blocker (Gargoyle Fighter)          Turns: 9472, Time: 00:12:39

Health: -1/66      AC: 19    Str: 25    XL:     10   Next: 54%
Magic:  10/10      EV:  8    Int:  8    God:    Okawaru [***...]
Gold:   368        SH: 12    Dex:  9    Spells: 9/9 levels left

rFire   + . .      SeeInvis .    x - +1 flail (heavy)
rCold   . . .      Faith    .    c - +1 buckler
rNeg    + . .      Spirit   .    f - +0 chain mail
rPois   ∞          Reflect  +    (no helmet)
rElec   +          Harm     .    (no cloak)
rCorr   +          Rampage  .    q - +0 pair of gloves
Will    .....                    (no boots) Stlth
                                 y - amulet of reflection
HPRegen 0.31/turn                u - ring of protection from fire
MPRegen 0.12/turn                p - ring of resist corrosion

@: studying 2 skills
A: sickness immunity, AC +7, negative energy resistance 1, electricity
resistance, torment resistance 1, petrification resistance
a: Renounce Religion, Heroism


You were on level 8 of the Dungeon.
You worshipped Okawaru.
Okawaru was most pleased with you.
You visited 1 branch of the dungeon, and saw 8 of its levels.
You also visited: Sewer.

You collected 401 gold pieces.
You spent 33 gold pieces at shops.

Inventory:

Hand Weapons
 x - a +1 heavy flail (weapon)
Missiles
 t - a curare-tipped dart (quivered)
Armour
 c - a +1 buckler (worn)
 f - a +0 chain mail (worn)
 q - a +0 pair of gloves (worn)
Jewellery
 p - a ring of resist corrosion (right hand)
 u - a ring of protection from fire (left hand)
 w - a ring of flight
 y - an amulet of reflection (around neck)
Wands
 b - a wand of light (13)
 r - a wand of paralysis (5)
Scrolls
 h - a scroll of enchant armour
 n - 4 scrolls of teleportation
 o - 2 scrolls of blinking
Potions
 a - a potion of attraction {unknown}
 d - 3 potions of might
 e - a potion of flight {unknown}
 g - a potion of resistance {unknown}
 i - 9 potions of curing {unknown}
 j - a potion of berserk rage
 k - 4 potions of cancellation
 l - 4 potions of mutation
 m - a potion of ambrosia
 s - a potion of brilliance
 v - a potion of haste


   Skills:
 + Level 9.0 Fighting
 + Level 7.9 Maces & Flails
 + Level 9.1 Armour
 + Level 11.0 Shields


You had 9 spell levels left.
You didn't know any spells.
Your spell library contained the following spells:

 Spells                   Type           Power      Damage    Failure   Level
 Apportation              Tloc           0%         N/A       95%         1
 Alistair's Intoxication  Tmut/Pois      0%         N/A       100%        5
 Borgnjor's Vile Clutch   Necr/Erth      0%         N/A       100%        5
 Conjure Ball Lightning   Conj/Air       0%         3x3d6     100%        6
 Eringya's Noxious Bog    Tmut/Pois      0%         N/A       100%        6
 Discord                  Hex            0%         N/A       100%        8
 Disjunction              Tloc           0%         N/A       100%        8


Dungeon Overview and Level Annotations

Branches:
Dungeon (8/15)             Temple (0/1) D:6           Sewer (visited)
   Lair: D:8-11

Altars:
Ashenzari
Nemelex Xobeh
Okawaru
Vehumet

Shops:
D:1 (   D:8 *


Innate Abilities, Weirdness & Mutations

You are immune to sickness and miasma.
Your stone body is resilient. (AC +7)
You are immune to poison.
You resist negative energy. (rN+)
You are resistant to electric shocks. (rElec)
You are resistant to unholy torment.
You are immune to petrification.


Message History

You see here a scroll of vulnerability.
There is an escape hatch in the ceiling here.
A white ugly thing comes into view.
Found a curved glowing staff.
You sock the white ugly thing!
The white ugly thing is lightly wounded.
The white ugly thing tentacle-slaps you but does no damage.
The white ugly thing tentacle-slaps you.
The white ugly thing freezes you!!
You barely miss the white ugly thing.
The white ugly thing is lightly wounded.
The white ugly thing tentacle-slaps you but does no damage.
You bludgeon the white ugly thing!!
The white ugly thing is heavily wounded.
You block the white ugly thing's attack.
The white ugly thing tentacle-slaps you.
The white ugly thing freezes you!
You are too injured to fight recklessly!
You are too injured to fight recklessly!
You are too injured to fight recklessly!
You are too injured to fight recklessly!
You are too injured to fight recklessly!
You are too injured to fight recklessly!
You are too injured to fight recklessly!
You are too injured to fight recklessly!
You are too injured to fight recklessly!
You are too injured to fight recklessly!
You are too injured to fight recklessly!
You are too injured to fight recklessly!
You are too injured to fight recklessly!
You are too injured to fight recklessly!
You are too injured to fight recklessly!
You barely miss the white ugly thing.
The white ugly thing is heavily wounded.
The white ugly thing closely misses you.
You barely miss the white ugly thing.
The white ugly thing is heavily wounded.
The white ugly thing tentacle-slaps you.
The white ugly thing freezes you!!
You die...

########## #######
.........###|....#
....###....###.u.#
##....###....###@#
.###....###....#.#
)..###....###....#
#..).###....###..#
###....###....####
..###....###....###
....###....###....##
##..."###....###...#
....###....###.....#


You could see a white ugly thing.

Vanquished Creatures
  A yaktaur (shapeshifter) (D:8)
  Maggie (D:7)
  A shadow (D:8)
  5 yaks (D:8)
  A water moccasin (D:7)
  An acid dragon (D:8)
  Duvessa (D:7)
  A sky beast (D:7)
  2 black bears
  4 orc warriors
  3 ice beasts
  2 ogres
  A centaur (D:7)
  A kobold brigand (D:7)
  2 necrophages
  3 bullfrogs
  2 scorpions
  A wight (D:5)
  Dowan (D:7)
  4 killer bees
  9 orc priests
  2 jellies
  5 hounds
  2 gnoll boudas
  5 iguanas
  9 orc wizards
  12 adders
  15 gnolls
  2 shadow imps
  3 ufetubi
  2 worms
  35 orcs
  6 endoplasms
  8 giant cockroaches
  6 hobgoblins
  11 jackals
  11 kobolds
  5 quokkas
  14 ball pythons
  9 bats
  9 frilled lizards
  4 goblins
  10 rats
232 creatures vanquished.

Vanquished Creatures (collateral kills)
  2 gnolls (D:5)
2 creatures vanquished.

Grand Total: 234 creatures vanquished

Notes
Turn   | Place    | Note
-------+----------+-------------------------------------------
     0 | D:1      | Dittersdorf the Gargoyle Fighter began the quest for the
                  | Orb.
     0 | D:1      | Reached XP level 1. HP: 14/14 MP: 1/1
   148 | D:1      | Reached XP level 2. HP: 16/19 MP: 2/2
   665 | D:1      | Reached XP level 3. HP: 23/23 MP: 3/3
   800 | D:1      | Found Xigyir's Antique Weapon Shop.
  1071 | D:1      | Reached XP level 4. HP: 10/29 MP: 4/4
  1175 | D:2      | Reached skill level 4 in Shields
  1621 | D:2      | Reached XP level 5. HP: 32/33 MP: 5/5
  1882 | D:3      | Found a faded altar of an unknown god.
  2787 | D:4      | Reached XP level 6. HP: 37/39 MP: 6/6
  2897 | D:4      | Noticed a black bear
  2911 | D:4      | Killed a black bear
  3085 | D:4      | Found a sparkling altar of Nemelex Xobeh.
  3132 | D:4      | Reached skill level 5 in Fighting
  3178 | D:4      | Reached skill level 5 in Armour
  3178 | D:4      | Reached skill level 5 in Shields
  3178 | D:4      | Reached XP level 7. HP: 38/44 MP: 7/7
  3749 | D:5      | Entered Level 5 of the Dungeon
  3849 | D:5      | Found a glowing drain.
  3866 | Sewer    | Entered a sewer
  4109 | Sewer    | Reached XP level 8. HP: 49/51 MP: 8/8
  4375 | D:5      | Reached skill level 5 in Maces & Flails
  4375 | D:5      | Reached skill level 6 in Shields
  6360 | D:6      | Reached skill level 7 in Shields
  6401 | D:6      | Reached XP level 9. HP: 26/56 MP: 9/9
  6776 | D:6      | Found a broken altar of Ashenzari.
  6782 | D:6      | Found an iron altar of Okawaru.
  6787 | D:6      | Found a radiant altar of Vehumet.
  6792 | D:6      | Became a worshipper of Warmaster Okawaru
  6890 | D:6      | Found a staircase to the Ecumenical Temple.
  6905 | D:6      | Reached skill level 8 in Shields
  7487 | D:7      | Reached * piety under Okawaru
  7580 | D:7      | Noticed Maggie
  7593 | D:7      | Paralysed by Maggie for 4 turns
  7601 | D:7      | Killed Maggie
  7602 | D:7      | Reached skill level 9 in Shields
  7874 | D:7      | Noticed Dowan
  7879 | D:7      | Noticed Duvessa
  7901 | D:7      | Killed Duvessa
  7901 | D:7      | Reached ** piety under Okawaru
  7909 | D:7      | Killed Dowan
  8152 | D:7      | Reached XP level 10. HP: 61/64 MP: 10/10
  8244 | D:8      | Found Seh Iseg's Assorted Antiques.
  8265 | D:8      | Reached skill level 10 in Shields
  8308 | D:8      | Bought a scroll labelled WYJACU YCLAVIPH for 33 gold pieces
  8710 | D:8      | Reached *** piety under Okawaru
  9128 | D:8      | Reached skill level 11 in Shields
  9467 | D:8      | Noticed a white ugly thing
  9472 | D:8      | Slain by a white ugly thing

Illustrated notes

Levels and vault maps discovered:
D:1:      amcnicky_arrival_double_pillar, layout_basic, serial_shops,
          nicolae_shop_hallway_stairs, minmay_misc_feat_nine_boxes
D:2:      layout_basic, chequers_serial_rivers_micro_c
D:3:      layout_loops_ring, basic_ecumenical_altar
D:4:      layout_gridville, nemelex_spade_bored_becter,
          nicolae_kite_square_tiling_tiny
D:5:      layout_layer_cave, portal_sewer_entry_e
D:6:      layout_loops_ring, minmay_overflow_temple_star_quad,
          minmay_temple_entry_statues_fountains, minmay_manual_maat
D:7:      layout_loops_ring, uniq_duvessa, uniq_maggie
D:8:      minmay_tri_box, layout_cave_pools, serial_shops, nicolae_stop_n_shop_1

Skill      XL: |  1  2  3  4  5  6  7  8  9 10 |
---------------+-------------------------------+-----
Fighting       | 4 5 6 8 9 |  9.0
Shields        | 4 5 7 9 11 | 11.0
Armour         | 4 5 6 8 9 |  9.1
Maces & Flails | 3 4 5 7 |  7.9

Action                     |  1- 3 |  4- 6 |  7- 9 | 10-12 || total
---------------------------+-------+-------+-------+-------++-------
  Melee: Flail             |   102 |   230 |   608 |    91 ||  1031
  Throw: Dart              |       |       |     4 |       ||     4
    Use: Scroll            |       |     6 |    10 |     3 ||    19
 Armour: Scale mail        |    61 |   127 |    94 |       ||   282
         Chain mail        |       |       |   256 |    63 ||   319
  Dodge: Dodged            |    67 |   125 |   304 |    38 ||   534
  Block: Buckler           |    23 |    49 |   175 |    31 ||   278

Table legend: (Time is in decaauts)
 A = Elapsed time spent in this place.
 B = Non-inter-level travel time spent in this place.
 C = Inter-level travel time spent in this place.
 D = Time resting spent in this place.
 E = Time spent auto-exploring this place.
 F = Levels seen in this place.
 G = Mean time per level.
                   A        B        C        D        E       F      G
               +--------+--------+--------+--------+--------+-----+--------+
         Total |   9756 |   9471 |    285 |   1879 |   5287 |   9 | 1084.0 |
       Dungeon |   9354 |   9069 |    285 |   1872 |   5176 |   8 | 1169.2 |
         Sewer |    401 |    401 |      0 |      7 |    111 |   1 |  401.0 |
               +--------+--------+--------+--------+--------+-----+--------+

Top non-repeatable levels by time:
     D:5: 2176 daAuts
     D:7: 1205 daAuts
     D:6: 1097 daAuts
     D:8: 1022 daAuts
     D:3: 1014 daAuts
     D:1: 1010 daAuts
     D:4: 1001 daAuts
     D:2: 826 daAuts
   Sewer: 401 daAuts
